 Dungeon Crawl Stone Soup version 0.29.0-4-gdea44cf6ec (webtiles) character file.

Game seed: 12664363235589901547

1690 qw the Cleaver (level 8, -3/59 (70) HPs)
             Began as a Minotaur Fighter on Sept 8, 2022.
             Slain by Maggie
             ... wielding a +2 halberd of draining
              (10 damage)
             ... on level 6 of the Dungeon.
             The game lasted 00:03:31 (6695 turns).

qw the Cleaver (Minotaur Fighter)                   Turns: 6695, Time: 00:03:31

HP:   -3/59 (70)    AC: 10    Str: 29    XL:     8   Next: 72%
MP:   7/7           EV:  9    Int:  5    God:
Gold: 206           SH:  4    Dex: 10    Spells: 7/7 levels left

rFire   . . .      SeeInvis +   Y - +1 war axe
rCold   . . .      Faith    .   c - +0 buckler
rNeg    . . .      Spirit   .   k - +0 chain mail
rPois   .          Reflect  .   (helmet restricted)
rElec   .          Harm     .   f - +0 cloak
rCorr   .          Rampage  .   (no gloves)
Will    .....                   (no boots)
Stlth   ..........              (no amulet)
HPRegen 0.19/turn               e - ring of see invisible
MPRegen 0.10/turn               h - +6 ring of strength

@: heavily drained
A: horns 2, retaliatory headbutt
a: no special abilities


You were on level 6 of the Dungeon.
You visited 1 branch of the dungeon, and saw 6 of its levels.

You collected 512 gold pieces.
You spent 306 gold pieces at shops.


Innate Abilities, Weirdness & Mutations

You have a pair of horns on your head.
You reflexively headbutt those who attack you in melee.


   Skills:
 - Level 6.0 Fighting
 + Level 11.7 Axes
 - Level 4.3 Armour
 - Level 2.2 Dodging
 - Level 4.4 Shields


You had 7 spell levels left.
You didn't know any spells.
Your spell library was empty.

Inventory:

Hand Weapons
 o - a +1 flail of holy wrath
 Y - a +1 war axe (weapon)
Armour
 c - a +0 buckler (worn)
 f - a +0 cloak (worn)
 g - the +1 ring mail of Howling Wind {rC+ Str+3 Int+2 Stlth+}
   (You bought it in a shop on level 6 of the Dungeon)

   Str:       It affects your strength (+3).
   Int:       It affects your intelligence (+2).
   rC:        It protects you from cold.
   Stlth:     It makes you more stealthy.
 k - a +0 chain mail (worn)
Jewellery
 e - a ring of see invisible (left hand)
 h - a +6 ring of strength (right hand)
 i - a ring of willpower
Scrolls
 a - a scroll of identify
 b - a scroll of enchant armour {unknown}
Potions
 d - a potion of might
 m - a potion of mutation
 n - a potion of magic {unknown}
 p - a potion of cancellation {unknown}
 r - a potion of resistance {unknown}

Dungeon Overview and Level Annotations

Branches:
Dungeon (6/15)
 Temple: D:4-7

Altars:
Cheibriados
Elyvilon
Gozag
Makhleb
Sif Muna
Wu Jian
Xom
Yredelemnul

Shops:
D:6 [

Annotations:
D:6 2 transporters, Maggie


Message History

6680 ||| Stepping ~*~*~tactically~*~*~ (hiding).
You start waiting.
Maggie is nearby!
Maggie hits you from afar with a +2 halberd of draining.
You feel drained. Maggie barely misses you. You furiously retaliate!
You headbutt Maggie. You closely miss Maggie.
Maggie is lightly wounded.
Maggie hits you with a +2 halberd of draining!
You feel drained.
You completely miss Maggie.
Maggie is lightly wounded.
Maggie closely misses you.
You slash Maggie!
Maggie is moderately wounded.
Maggie closely misses you.
You barely miss Maggie.
Maggie is moderately wounded.
Maggie hits you with a +2 halberd of draining.
You feel drained.
You slash Maggie!
Maggie is heavily wounded.
Maggie hits you with a +2 halberd of draining.
You feel drained.
You slash Maggie!
Maggie is heavily wounded.
Maggie hits you with a +2 halberd of draining!
You feel drained.
You slash Maggie! Your headbutt misses Maggie.
Maggie is severely wounded.
Maggie casts a spell at you. The bolt of fire hits you!
You closely miss Maggie.
Maggie is severely wounded.
Maggie hits you with a +2 halberd of draining!
You feel drained.
You barely miss Maggie.
Maggie is severely wounded.
Maggie hits you with a +2 halberd of draining!
You die...

#.# #.# #.#
#.# #.# ####.#
##....#
##...#######
#...@.......
#.....@.......
#####.#.......
## .###### .#
.# .# .#


You could see Maggie.

Vanquished Creatures
  Grinder (D:5)
  2 black bears
  An ogre (D:5)
  5 kobold brigands (D:5)
  3 scorpions
  A necrophage (D:6)
  3 hounds
  An orc priest (D:4)
  2 iguanas
  3 orc wizards
  Robin (D:4)
  9 adders
  14 gnolls
  A white imp (D:4)
  2 ufetubi
  2 worms
  4 dart slugs
  9 orcs
  9 bats
  4 endoplasms
  2 giant cockroaches
  22 goblins
  17 hobgoblins
  A quokka (D:3)
  3 ball pythons
  6 frilled lizards
  67 kobolds
  A rat (D:1)
196 creatures vanquished.

Vanquished Creatures (others)
  5 plants (D:4)
5 creatures vanquished.

Grand Total: 201 creatures vanquished

Notes
Turn   | Place    | Note
-------+----------+-------------------------------------------
     0 | D:1      | qw the Minotaur Fighter began the quest for the Orb.
     0 | D:1      | Reached XP level 1. HP: 19/19 MP: 0/0
     0 | D:1      | 0 ||| qw: Version: 0.1-a-112-g44dc6cd
     0 | D:1      | 0 ||| qw: Game counter: 6869
     0 | D:1      | 0 ||| qw: Always use a shield: true
     0 | D:1      | 0 ||| qw: God list: Ru
     0 | D:1      | 0 ||| qw: Allow faded altars: false
     0 | D:1      | 0 ||| qw: Do Orc after D:15 true
     0 | D:1      | 0 ||| qw: Do second Lair branch before Depths: true
     0 | D:1      | 0 ||| qw: Lair rune preference: random
     0 | D:1      | 0 ||| qw: Plans: Normal
     0 | D:1      | 0 ||| PLANNING D:1-11
    57 | D:1      | Reached skill level 3 in Axes
    79 | D:1      | Reached XP level 2. HP: 26/26 MP: 1/1
   167 | D:1      | 167 ||| DROPPING +0 club.
   184 | D:1      | Found a faded altar of an unknown god.
   295 | D:1      | Reached skill level 4 in Axes
   657 | D:1      | 657 ||| UPGRADING to ring of see invisible.
   658 | D:1      | 658 ||| DROPPING +6 ring of intelligence.
   659 | D:1      | 659 ||| READING 3 scrolls labelled ZAFUJ MAUTZ.
   660 | D:1      | 660 ||| READING scroll labelled TEOPAPR KUNGAU.
   661 | D:1      | 661 ||| READING scroll labelled UNINIF LOSK.
   662 | D:1      | 662 ||| READING scroll labelled QEOMERHOERR.
   663 | D:1      | 663 ||| READING scroll labelled USHRUH DOLUI.
   664 | D:1      | 664 ||| READING 2 scrolls of identify.
   664 | D:1      | 664 ||| IDENTIFYING blue potion
   665 | D:1      | 665 ||| DROPPING potion of ambrosia.
   708 | D:2      | Found a burning altar of Makhleb.
   767 | D:2      | Reached XP level 3. HP: 31/31 MP: 2/2
   804 | D:2      | 804 ||| Stepping ~*~*~tactically~*~*~ (stealth).
   806 | D:2      | 806 ||| Stepping ~*~*~tactically~*~*~ (stealth).
   808 | D:2      | 808 ||| Stepping ~*~*~tactically~*~*~ (stealth).
   818 | D:2      | 818 ||| Stepping ~*~*~tactically~*~*~ (stealth).
   875 | D:2      | Identified the +6 dagger of Webyp {speed, rF+ rN+ Str-3}
   968 | D:2      | Reached skill level 5 in Axes
  1037 | D:2      | 1037 ||| Stepping ~*~*~tactically~*~*~ (hiding).
  1038 | D:2      | 1038 ||| Stepping ~*~*~tactically~*~*~ (hiding).
  1039 | D:2      | 1039 ||| Stepping ~*~*~tactically~*~*~ (hiding).
  1047 | D:2      | Reached skill level 1 in Dodging
  1047 | D:2      | Reached XP level 4. HP: 39/39 MP: 3/3
  1428 | D:2      | 1428 ||| UPGRADING to +0 cloak.
  1433 | D:2      | 1433 ||| UPGRADING to +6 ring of strength.
  1438 | D:3      | 1438 ||| STAIRDANCE
  1457 | D:3      | 1457 ||| STAIRDANCE
  1497 | D:3      | 1497 ||| STAIRDANCE
  1522 | D:3      | 1522 ||| STAIRDANCE
  1662 | D:3      | 1662 ||| Stepping ~*~*~tactically~*~*~ (hiding).
  1664 | D:3      | 1664 ||| Stepping ~*~*~tactically~*~*~ (hiding).
  1833 | D:3      | 1833 ||| Stepping ~*~*~tactically~*~*~ (stealth).
  1837 | D:3      | 1837 ||| Stepping ~*~*~tactically~*~*~ (hiding).
  1841 | D:3      | Reached skill level 6 in Axes
  1850 | D:3      | Reached XP level 5. HP: 41/45 MP: 4/4
  2100 | D:3      | 2100 ||| UPGRADING to +0 chain mail.
  2110 | D:3      | 2110 ||| DROPPING +0 scale mail.
  2111 | D:3      | 2111 ||| DROPPING ring of magical power.
  2112 | D:3      | 2112 ||| READING scroll labelled REOC SACRAY.
  2113 | D:3      | 2113 ||| READING 4 scrolls labelled BUOBLESHRUJ.
  2116 | D:3      | 2116 ||| READING scroll labelled NOYS XEROYTS.
  2163 | D:4      | 2163 ||| Stepping ~*~*~tactically~*~*~ (hiding).
  2229 | D:4      | Noticed a black bear
  2236 | D:4      | Killed a black bear
  2237 | D:4      | Reached skill level 7 in Axes
  2274 | D:4      | 2274 ||| READING 3 scrolls of teleportation.
  2276 | D:4      | 2276 ||| FLEEEEING.
  2277 | D:4      | 2277 ||| FLEEEEING.
  2360 | D:4      | Found the +3 woodcutter's axe {vorpal}
  2492 | D:4      | Reached XP level 6. HP: 24/52 MP: 5/5
  2537 | D:4      | 2537 ||| Stepping ~*~*~tactically~*~*~ (stealth).
  2565 | D:4      | 2565 ||| Stepping ~*~*~tactically~*~*~ (stealth).
  2566 | D:4      | 2566 ||| Stepping ~*~*~tactically~*~*~ (stealth).
  2685 | D:4      | Reached skill level 8 in Axes
  2739 | D:4      | HP: 13/52 [poisoned by a gnoll]
  2999 | D:4      | 2999 ||| Stepping ~*~*~tactically~*~*~ (hiding).
  3153 | D:4      | Found a snail-covered altar of Cheibriados.
  3189 | D:4      | 3189 ||| DROPPING +1 mace of pain.
  3454 | D:4      | Found a basalt altar of Yredelemnul.
  3513 | D:4      | 3513 ||| Stepping ~*~*~tactically~*~*~ (stealth).
  3517 | D:4      | 3517 ||| Stepping ~*~*~tactically~*~*~ (stealth).
  3558 | D:4      | Found a white marble altar of Elyvilon.
  3577 | D:4      | Noticed Robin
  3578 | D:4      | 3578 ||| Stepping ~*~*~tactically~*~*~ (stealth).
  3581 | D:4      | 3581 ||| Stepping ~*~*~tactically~*~*~ (stealth).
  3585 | D:4      | 3585 ||| Stepping ~*~*~tactically~*~*~ (hiding).
  3586 | D:4      | 3586 ||| Stepping ~*~*~tactically~*~*~ (hiding).
  3592 | D:4      | Killed Robin
  3928 | D:4      | 3928 ||| READING 2 scrolls labelled ZYKIELAERR.
  3929 | D:4      | 3929 ||| READING scroll labelled SUIQOEFFIZ.
  4065 | D:4      | 4065 ||| DRINKING 2 grey potions.
  4066 | D:4      | 4066 ||| DRINKING 2 lumpy golden potions.
  4067 | D:4      | 4067 ||| READING 2 scrolls of identify.
  4067 | D:4      | 4067 ||| IDENTIFYING smoky puce potion
  4068 | D:4      | 4068 ||| DROPPING potion of brilliance.
  4069 | D:4      | 4069 ||| DROPPING potion of degeneration.
  4070 | D:4      | 4070 ||| DROPPING scroll of amnesia.
  4095 | D:5      | Entered Level 5 of the Dungeon
  4095 | D:5      | Noticed Grinder
  4105 | D:5      | HP: 9/51 [Grinder/nerve-wracking pain (6)]
  4106 | D:5      | 4106 ||| READING 2 scrolls of teleportation.
  4106 | D:5      | Paralysed by Grinder for 4 turns
  4110 | D:5      | 4110 ||| DRINKING potion of heal wounds.
  4228 | D:5      | Reached XP level 7. HP: 54/58 MP: 6/6
  4275 | D:5      | Found an ornate altar of the Wu Jian Council.
  4338 | D:5      | Found an opulent altar of Gozag.
  4358 | D:5      | Killed Grinder
  4359 | D:5      | Reached skill level 9 in Axes
  4828 | D:5      | Reached skill level 10 in Axes
  4880 | D:5      | Reached skill level 6 in Fighting
  5019 | D:5      | 5019 ||| Stepping ~*~*~tactically~*~*~ (stealth).
  5040 | D:5      | Reached XP level 8. HP: 68/70 MP: 7/7
  5072 | D:5      | 5072 ||| Stepping ~*~*~tactically~*~*~ (stealth).
  5103 | D:5      | 5103 ||| Stepping ~*~*~tactically~*~*~ (stealth).
  5134 | D:5      | 5134 ||| FLEEEEING.
  5135 | D:5      | 5135 ||| FLEEEEING.
  5136 | D:5      | 5136 ||| FLEEEEING.
  5137 | D:5      | 5137 ||| FLEEEEING.
  5138 | D:5      | 5138 ||| FLEEEEING.
  5139 | D:5      | 5139 ||| FLEEEEING.
  5140 | D:5      | 5140 ||| FLEEEEING.
  5141 | D:5      | 5141 ||| FLEEEEING.
  5181 | D:5      | 5181 ||| Stepping ~*~*~tactically~*~*~ (stealth).
  5193 | D:5      | 5193 ||| Stepping ~*~*~tactically~*~*~ (stealth).
  5248 | D:5      | 5248 ||| Stepping ~*~*~tactically~*~*~ (stealth).
  5267 | D:5      | Reached skill level 11 in Axes
  5495 | D:5      | 5495 ||| Stepping ~*~*~tactically~*~*~ (stealth).
  5496 | D:5      | 5496 ||| Stepping ~*~*~tactically~*~*~ (stealth).
  5514 | D:5      | 5514 ||| Stepping ~*~*~tactically~*~*~ (hiding).
  5550 | D:5      | 5550 ||| FLEEEEING.
  5551 | D:5      | 5551 ||| FLEEEEING.
  5552 | D:5      | 5552 ||| FLEEEEING.
  5553 | D:5      | 5553 ||| FLEEEEING.
  5554 | D:5      | 5554 ||| FLEEEEING.
  5555 | D:5      | 5555 ||| FLEEEEING.
  5556 | D:5      | 5556 ||| FLEEEEING.
  5557 | D:5      | 5557 ||| FLEEEEING.
  5558 | D:5      | 5558 ||| FLEEEEING.
  5559 | D:5      | 5559 ||| FLEEEEING.
  5565 | D:5      | 5565 ||| FLEEEEING.
  5566 | D:5      | 5566 ||| FLEEEEING.
  5567 | D:5      | 5567 ||| FLEEEEING.
  5568 | D:5      | 5568 ||| FLEEEEING.
  5569 | D:5      | 5569 ||| FLEEEEING.
  5570 | D:5      | 5570 ||| FLEEEEING.
  5571 | D:5      | 5571 ||| FLEEEEING.
  5572 | D:5      | 5572 ||| FLEEEEING.
  5573 | D:5      | 5573 ||| FLEEEEING.
  5577 | D:5      | 5577 ||| FLEEEEING.
  5578 | D:5      | 5578 ||| FLEEEEING.
  5579 | D:5      | 5579 ||| FLEEEEING.
  5580 | D:5      | 5580 ||| FLEEEEING.
  5581 | D:5      | 5581 ||| FLEEEEING.
  5582 | D:5      | 5582 ||| FLEEEEING.
  5583 | D:5      | 5583 ||| FLEEEEING.
  5584 | D:5      | 5584 ||| FLEEEEING.
  5585 | D:5      | 5585 ||| FLEEEEING.
  5586 | D:5      | 5586 ||| FLEEEEING.
  5587 | D:5      | 5587 ||| FLEEEEING.
  5588 | D:5      | 5588 ||| FLEEEEING.
  5589 | D:5      | 5589 ||| FLEEEEING.
  5590 | D:5      | 5590 ||| FLEEEEING.
  5591 | D:5      | 5591 ||| FLEEEEING.
  5931 | D:5      | 5931 ||| Stepping ~*~*~tactically~*~*~ (stealth).
  6179 | D:5      | 6179 ||| DROPPING amulet of magic regeneration.
  6180 | D:5      | 6180 ||| READING 4 scrolls of identify.
  6180 | D:5      | 6180 ||| IDENTIFYING ruby potion
  6181 | D:5      | 6181 ||| READING 3 scrolls of identify.
  6181 | D:5      | 6181 ||| IDENTIFYING bubbling green potion
  6182 | D:5      | 6182 ||| READING 2 scrolls of identify.
  6182 | D:5      | 6182 ||| IDENTIFYING glowing clear potion
  6183 | D:5      | 6183 ||| DROPPING potion of attraction.
  6184 | D:5      | 6184 ||| DROPPING potion of lignification.
  6250 | D:6      | 6250 ||| Stepping ~*~*~tactically~*~*~ (stealth).
  6326 | D:6      | 6326 ||| Stepping ~*~*~tactically~*~*~ (stealth).
  6329 | D:6      | 6329 ||| Stepping ~*~*~tactically~*~*~ (stealth).
  6330 | D:6      | 6330 ||| Stepping ~*~*~tactically~*~*~ (stealth).
  6355 | D:6      | Found a shimmering blue altar of Sif Muna.
  6355 | D:6      | Found a shimmering altar of Xom.
  6361 | D:6      | Found a transporter.
  6365 | D:6      | 6365 ||| READING scroll of teleportation.
  6376 | D:6      | 6376 ||| Stepping randomly (stuck).
  6377 | D:6      | 6377 ||| Stepping randomly (stuck).
  6378 | D:6      | 6378 ||| Stepping randomly (stuck).
  6378 | D:6      | Found a transporter.
  6575 | D:6      | Found Deurgh's Antique Armour Boutique.
  6580 | D:6      | 6580 ||| SHOPLISTING plate armour (782 gold, have 512).
  6580 | D:6      | 6580 ||| BUYING slimy ring mail (306 gold).
  6580 | D:6      | Bought a slimy ring mail for 306 gold pieces
  6580 | D:6      | Identified the +1 ring mail of Howling Wind {rC+ Str+3
                  | Int+2 Stlth+} (You bought it in a shop on level 6 of the
                  | Dungeon)
  6679 | D:6      | Noticed Maggie
  6680 | D:6      | 6680 ||| Stepping ~*~*~tactically~*~*~ (hiding).
  6694 | D:6      | HP: 12/61 [Maggie/+2 halberd of draining (14)]
  6695 | D:6      | Slain by Maggie

Levels and vault maps discovered:
D:1:      minmay_arrival_floating_metal, layout_rooms,
          ebering_ecumenical_altar_hall
D:2:      layout_basic, basic_altar
D:3:      layout_rooms, grunt_ministairs_9, dk_noncrumbling_3
D:4:      corexii_shantytown, layout_loops_ring, kennysheep_ying_yang,
          overflow_temple_1_default, serial_glass, glass_columns_a,
          glass_columns_a, uniq_robin
D:5:      minmay_goblin_kobold_castle, layout_cave_pods, grunt_gozag_statues,
          mainiacjoe_overflow_catwalk, uniq_grinder
D:6:      layout_loops_ring, gammafunk_temple_overflow_arena, vehumet_statue,
          serial_shops, nicolae_shop_hallway_plus, serial_bayou_pond_b,
          uniq_maggie, uniq_prince_ribbit1

Skill      XL: |  1  2  3  4  5  6  7  8 |
---------------+-------------------------+-----
Axes           | 3 4 5 6 7 8 10 11 | 11.7
Dodging        | 1 2 |  2.2
Fighting       | 4 6 |  6.0
Armour         | 4 |  4.3
Shields        | 4 |  4.4

Action                   |  1- 3 |  4- 6 |  7- 9 || total
-------------------------+-------+-------+-------++-------
Melee: War axe           |    61 |   179 |   194 ||   434
       Headbutt          |     6 |    20 |    17 ||    43
  Use: Scroll            |     6 |     8 |     4 ||    18
       Potion            |       |     3 |       ||     3
Armor: Scale mail        |    17 |    20 |       ||    37
       Chain mail        |       |    40 |    73 ||   113
Dodge: Dodged            |    25 |    54 |    71 ||   150
Block: Buckler           |     6 |    25 |    29 ||    60

Table legend:
 A = Non-vault XP
 B = Vault XP
 C = Vault XP percentage of total XP
 D = Non-vault monster count
 E = Vault monster count
 F = Vault count percentage of total count
                 A         B        C        D         E       F
            +---------+---------+-------+---------+---------+-------
      Total |    1423 |     992 |  41.1 |     100 |      96 |  49.0
            +---------+---------+-------+---------+---------+-------
        D:1 |      35 |       0 |   0.0 |      20 |       0 |   0.0
        D:2 |      86 |       3 |   3.4 |      22 |       2 |   8.3
        D:3 |      86 |       0 |   0.0 |      14 |       0 |   0.0
        D:4 |     394 |     118 |  23.0 |      23 |      35 |  60.3
        D:5 |     604 |     871 |  59.1 |      14 |      59 |  80.8
        D:6 |     218 |       0 |   0.0 |       7 |       0 |   0.0
            +---------+---------+-------+---------+---------+-------
